 Dungeon Crawl Stone Soup version 0.22.1-1-ga44c0e5 (webtiles) character file.

71 topirishpotato the Skirmisher (level 4, -2/41 HPs)
             Began as a Gnoll Wanderer on Sept 19, 2018.
             Slain by a gnoll
             ... wielding a +0 whip
              (6 damage)
             ... on level 2 of the Dungeon.
             The game lasted 00:05:33 (1670 turns).

topirishpotato the Skirmisher (Gnoll Wanderer)      Turns: 1670, Time: 00:05:34

Health: -2/41      AC:  3    Str: 16    XL:     4   Next: 24%
Magic:  15/15      EV:  8    Int: 18    God:
Gold:   132        SH:  7    Dex: 13    Spells: 5/5 levels left

rFire    . . .     SeeInvis .   c - +0 spear
rCold    . . .     Gourm    .   a - +0 shield
rNeg     . . .     Faith    .   h - +0 leather armour
rPois    +         Spirit   .   (no helmet)
rElec    .         Reflect  .   i - scarf {repulsion}
rCorr    .         Harm     .   (no gloves)
MR       .....                  (no boots)
Stlth    +.........             (no amulet)
HPRegen  0.13/turn              e - ring of magical power
MPRegen  0.14/turn              (no ring)

@: brilliant, heavily drained, repel missiles
A: distributed training, fangs 1, dopey 1, poison resistance, strong nose
a: no special abilities


You were on level 2 of the Dungeon.
You were hungry.

You visited 1 branch of the dungeon, and saw 2 of its levels.

You collected 132 gold pieces.

Inventory:

Hand Weapons
 c - a +0 spear (weapon)
Armour
 a - a +0 shield (worn)
 h - a +0 leather armour (worn)
 i - a scarf of repulsion (worn)
Jewellery
 e - a ring of magical power (left hand)
Scrolls
 l - a scroll of enchant weapon {unknown}
Potions
 k - a potion of curing {unknown}
Comestibles
 f - 4 rations


   Skills:
 + Level 6.6(4.7) Fighting
 + Level 1.0(0.0) Short Blades
 + Level 1.0(0.0) Long Blades
 + Level 1.0(0.0) Axes
 + Level 1.0(0.0) Maces & Flails
 + Level 4.6(2.9) Polearms
 + Level 2.7(1.1) Staves
 + Level 1.0(0.0) Slings
 + Level 1.0(0.0) Bows
 + Level 1.0(0.0) Crossbows
 + Level 1.0(0.0) Throwing
 + Level 1.0(0.0) Armour
 + Level 2.7(1.1) Dodging
 + Level 2.5(0.9) Stealth
 + Level 2.7(1.1) Shields
 + Level 1.0(0.0) Unarmed Combat
 + Level 1.0(0.0) Spellcasting
 + Level 0.8(0.0) Conjurations
 + Level 0.8(0.0) Hexes
 + Level 0.8(0.0) Charms
 + Level 0.8(0.0) Summonings
 + Level 0.8(0.0) Necromancy
 + Level 0.8(0.0) Translocations
 + Level 0.8(0.0) Transmutations
 + Level 0.8(0.0) Fire Magic
 + Level 0.8(0.0) Ice Magic
 + Level 0.8(0.0) Air Magic
 + Level 0.8(0.0) Earth Magic
 + Level 0.8(0.0) Poison Magic
 + Level 1.1(0.0) Invocations
 + Level 2.7(1.1) Evocations


You had 5 spell levels left.
You didn't know any spells.
Your spell library was empty.

Dungeon Overview and Level Annotations

Branches:
Dungeon (2/15)

Altars:
Nemelex Xobeh


Innate Abilities, Weirdness & Mutations

Your experience applies equally to all skills.
You have very sharp teeth.
Your uncanny sense of smell can sniff out nearby items.
You are dopey. (Int -2)
Your system is resistant to poisons. (rPois)


Message History

The gnoll hits you with a whip! x2
* * * LOW HITPOINT WARNING * * *
You block the gnoll's attack.
You hit the gnoll.
The gnoll is severely wounded.
The gnoll barely misses you. The gnoll hits you but does no damage.
You hit the gnoll.
The gnoll is almost dead.
You block the gnoll's attack. x2
It was a potion of brilliance.
You feel clever all of a sudden. The gnoll hits you with a whip.
* * * LOW HITPOINT WARNING * * *
You block the gnoll's attack.
It was a potion of mutation.
You feel extremely strange.
You feel stupid.
You feel resistant to poisons. You block the gnoll's attack.
The gnoll barely misses you.
It was a potion of magic.
Magic courses through your body. The gnoll hits you but does no damage.
The gnoll hits you with a whip.
You die...

+#. .......(.##.####
...##+######.###.....
.............# #.....
............###.....
######.?....†"..#.......
...............##.......
...............##.......
......g..>....>##.......
......g@.%.....#....####
.......#########....#
....... #....# .......
#....# ....... #....#
.....$! #....# .......
#....#### .......
#.......< #.......(


You could see 2 gnolls.

Vanquished Creatures
  3 adders (D:2)
  An ooze (D:2)
  2 dart slugs (D:1)
  An orc (D:2)
  3 bats
  A giant cockroach (D:1)
  7 hobgoblins
  4 kobolds
  A ball python (D:2)
  3 frilled lizards
  6 goblins (D:1)
  5 rats
37 creatures vanquished.

Notes
Turn   | Place    | Note
-------+----------+-------------------------------------------
     0 | D:1      | topirishpotato the Gnoll Wanderer began the quest for the
                  | Orb.
     0 | D:1      | topirishpotato set off with: a +0 shield, a +0 short sword,
                  | a +0 spear, a +0 robe, a ration
     0 | D:1      | Reached XP level 1. HP: 23/23 MP: 2/2
    28 | D:1      | Reached XP level 2. HP: 23/29 MP: 3/3
   648 | D:1      | Reached XP level 3. HP: 29/35 MP: 4/4
  1056 | D:2      | Reached skill level 1 in Invocations
  1285 | D:2      | Reached skill level 1 in Short Blades
  1285 | D:2      | Reached skill level 1 in Long Blades
  1285 | D:2      | Reached skill level 1 in Axes
  1285 | D:2      | Reached skill level 1 in Maces & Flails
  1285 | D:2      | Reached skill level 1 in Slings
  1285 | D:2      | Reached skill level 1 in Bows
  1285 | D:2      | Reached skill level 1 in Crossbows
  1285 | D:2      | Reached skill level 1 in Throwing
  1285 | D:2      | Reached skill level 1 in Armour
  1285 | D:2      | Reached skill level 1 in Unarmed Combat
  1285 | D:2      | Reached skill level 1 in Spellcasting
  1292 | D:2      | Found a sparkling altar of Nemelex Xobeh.
  1301 | D:2      | Reached XP level 4. HP: 41/41 MP: 6/6
  1669 | D:2      | Gained mutation: You are dopey. (Int -2) [potion of
                  | mutation]
  1669 | D:2      | Gained mutation: Your system is resistant to poisons.
                  | (rPois) [potion of mutation]
  1670 | D:2      | Slain by a gnoll

Skill      XL: |  1  2  3 |
---------------+----------+-----
Invocations    | 1 |  1.1
Short Blades   | 1 |  1.0
Long Blades    | 1 |  1.0
Axes           | 1 |  1.0
Maces & Flails | 1 |  1.0
Slings         | 1 |  1.0
Bows           | 1 |  1.0
Crossbows      | 1 |  1.0
Throwing       | 1 |  1.0
Armour         | 1 |  1.0
Unarmed Combat | 1 |  1.0
Spellcasting   | 1 |  1.0
Fighting       | |  6.6
Polearms       | |  4.6
Staves         | |  2.7
Dodging        | |  2.7
Stealth        | |  2.5
Shields        | |  2.7
Conjurations   | |  0.8
Hexes          | |  0.8
Charms         | |  0.8
Summonings     | |  0.8
Necromancy     | |  0.8
Translocations | |  0.8
Transmutations | |  0.8
Fire Magic     | |  0.8
Ice Magic      | |  0.8
Air Magic      | |  0.8
Earth Magic    | |  0.8
Poison Magic   | |  0.8
Evocations     | |  2.7

Action                   |  1- 3 |  4- 6 || total
-------------------------+-------+-------++-------
Melee: Spear             |   140 |    30 ||   170
       Bite              |     8 |     4 ||    12
  Use: Scroll            |     2 |       ||     2
       Potion            |       |     3 ||     3
 Stab: Sleeping          |     6 |     1 ||     7
  Eat: Chunk             |     1 |     1 ||     2
Armor: Robe              |     5 |       ||     5
       Leather armour    |     9 |     2 ||    11
Dodge: Dodged            |    54 |     9 ||    63
       Deflected         |     1 |       ||     1
Block: Shield            |    63 |    13 ||    76
